 Dungeon Crawl Stone Soup version 0.31.0-12-g77e489cdc1 (webtiles) character file.

Game seed: 6714655106326365563

28 hawla the Shield-Bearer (level 2, -4/26 HPs)
             Began as a Minotaur Fighter on Feb 12, 2024.
             Killed from afar by Sigmund (10 damage)
             ... with a puff of flame
             ... on level 2 of the Dungeon.
             The game lasted 00:01:36 (610 turns).

hawla the Shield-Bearer (Minotaur Fighter)           Turns: 610, Time: 00:01:37

Health: -4/26      AC:  9    Str: 20    XL:     2   Next: 96%
Magic:  1/1        EV:  8    Int:  5    God:
Gold:   73         SH:  4    Dex:  9    Spells: 1/1 levels left

rFire   . . .        a - +0 war axe
rCold   . . .        c - +0 buckler
rNeg    . . .        h - +0 chain mail
rPois   .            (helmet restricted)
rElec   .            (no cloak)
rCorr   .            (no gloves)
SInv    .            (no boots)
Will    .....        (no amulet) Stlth
                     (no ring)
HPRegen 0.24/turn    (no ring)
MPRegen 0.07/turn

%: no passive effects
@: no status effects
A: horns 2, retaliatory headbutt
a: no special abilities


You were on level 2 of the Dungeon.
You visited 1 branch of the dungeon, and saw 2 of its levels.

You collected 73 gold pieces.

Inventory:

Hand Weapons
 a - a +0 war axe (weapon)
Missiles
 e - 4 poisoned darts (quivered)
Armour
 c - a +0 buckler (worn)
 h - a +0 chain mail (worn)
Potions
 d - a potion of might
 f - 2 potions of brilliance {unknown}
 g - a potion of curing


   Skills:
 - Level 3.6 Fighting
 - Level 2.4 Axes
 - Level 3.6 Armour
 + Level 3.0 Dodging
 - Level 3.6 Shields


You had one spell level left.
You didn't know any spells.
Your spell library was empty.

Dungeon Overview and Level Annotations

Branches:
Dungeon (2/15)

Altars:

Annotations:
D:2 Sigmund


Innate Abilities, Weirdness & Mutations

You have a pair of horns on your head.
You reflexively headbutt those who attack you in melee.


Message History

You are confused.
You see here a giant cockroach corpse.
You are too confused!
You are too confused!
You see here a rat corpse.
You're too confused to move!
Sigmund gestures at you while chanting.
You are more confused.
You're too confused to move!
You bump into the rock wall.
Sigmund casts a spell at you. The puff of flame hits you!
Sigmund closely misses you.
You feel less confused.
You hit Sigmund but do no damage. Your headbutt misses Sigmund.
Sigmund casts a spell.
Sigmund flickers and vanishes!
Deactivating autopickup; reactivate with Ctrl-A.
Something hits you but does no damage.
You closely miss something. Something completely misses you.
You miss something. Something hits you.
You closely miss something. You headbutt something! Something hits you!
* * * LOW HITPOINT WARNING * * *
It was a potion of curing.
You feel better.
You hit something but do no damage. Something hits you but does no damage.
You closely miss something. Something hits you.
You hit something. Something hits you but does no damage.
You miss something. Something hits you but does no damage.
You closely miss something.
You hear some strange, mumbled words.
A puff of flame appears from out of thin air!
The puff of flame hits you.
* * * LOW HITPOINT WARNING * * *
You closely miss something. Your headbutt misses something. Something hits you.
* * * LOW HITPOINT WARNING * * *
You closely miss something. You headbutt something.
You hear some strange, mumbled words.
A puff of flame appears from out of thin air!
The puff of flame hits you!
You die...

....... ......
#.... ### ....
..... .#
####..##.....
...#............
.(......†#...
........{#..
.......@.#.#
.##......#.####
#....$..<...#
######.####.#
#.# #.. #.#.
#... ### #


There were no monsters in sight!

Vanquished Creatures
  A gnoll (D:1)
  2 bats (D:1)
  2 endoplasms
  A giant cockroach (D:2)
  2 goblins (D:1)
  A hobgoblin (D:1)
  2 ball pythons (D:1)
  3 kobolds (D:1)
  4 rats
18 creatures vanquished.

Notes
Turn   | Place    | Note
-------+----------+-------------------------------------------
     0 | D:1      | hawla the Minotaur Fighter began the quest for the Orb.
     0 | D:1      | Reached XP level 1. HP: 19/19 MP: 0/0
   105 | D:1      | Reached skill level 1 in Dodging
   290 | D:1      | Reached XP level 2. HP: 26/26 MP: 1/1
   587 | D:2      | Noticed Sigmund
   610 | D:2      | Killed from afar by Sigmund

Illustrated notes

Levels and vault maps discovered:
D:1:      evilmike_arrival_crescent, layout_basic, hangedman_glass_teeth
D:2:      layout_loops_cross, basic_altar, uniq_sigmund

Skill      XL: |  1  2 |
---------------+-------+-----
Dodging        | 1 3 |  3.0
Fighting       | |  3.6
Axes           | |  2.4
Armour         | |  3.6
Shields        | |  3.6

Action                     || total
---------------------------++-------
  Melee: War axe           ||    44
         Headbutt          ||     4
    Use: Potion            ||     1
 Armour: Scale mail        ||    21
         Chain mail        ||    12
  Dodge: Dodged            ||    18
  Block: Buckler           ||     6
